 Dungeon Crawl Stone Soup version 0.15.2 (webtiles) character file.

47 Kukarek the Firebug (level 3, -5/19 HPs)
             Began as a Gargoyle Fire Elementalist on Dec 13, 2014.
             Killed from afar by Sigmund (6 damage)
             ... with a puff of flame
             ... on Level 2 of the Dungeon.
             The game lasted 00:10:21 (1718 turns).

Kukarek the Firebug (Gargoyle Fire Elementalist)    Turns: 1718, Time: 00:10:21

HP  -5/19        AC  5     Str 11      XL: 3   Next: 70%
MP   1/6         EV 12     Int 16      God:
Gold 49          SH  0     Dex 10      Spells:  2 memorised,  2 levels left

rFire  . . .     SeeInvis .     (no weapon)
rCold  . . .     Clarity  .     a - +0 robe
rNeg   + . .     rCorr    .     (no shield)
rPois  +         rRot     +     (no helmet)
rElec  +         Spirit   .     (no cloak)
SustAb .         Warding  .     (no gloves)
rMut   .         Stasis   .     (no boots)
Gourm  .                        (no amulet)
MR     .....                    (no ring)
                                (no ring)

@: confused, not resistant to hostile enchantments, very unstealthy
A: negative energy resistance 1, electricity resistance, unbreathing,
petrification resistance, rot immunity, AC +3
a: no special abilities


You were on level 2 of the Dungeon.
You were hungry.

You visited 1 branch of the dungeon, and saw 2 of its levels.

You collected 49 gold pieces.

Inventory:

Hand weapons
 f - a cursed -2 whip
Armour
 a - a +0 robe (worn)
 e - a +0 leather armour
Comestibles
 c - a bread ration
 d - 2 fruits
 g - a meat ration
 j - a beef jerky
Scrolls
 h - 3 scrolls of identify {unknown}
 k - a scroll of enchant armour {unknown}
 o - a scroll of immolation {unknown}
Potions
 i - a potion of curing
 l - a potion of brilliance {unknown}
 m - a potion of haste
 p - a potion of agility {unknown}
Books
 b - a book of Flames

   Spells                             Type                      Level
   *Flame Tongue                      Conjuration/Fire             1
   Throw Flame                        Conjuration/Fire             2
   *Conjure Flame                     Conjuration/Fire             3
   Inner Flame                        Hexes/Fire                   3
   Sticky Flame                       Conjuration/Fire             4
   Fireball                           Conjuration/Fire             5


   Skills:
 - Level 1.5 Dodging
 - Level 2.1 Stealth
 + Level 2.3 Spellcasting
 * Level 2.7 Conjurations
 * Level 3.5 Fire Magic


You had 2 spell levels left.
You knew the following spells:

 Your Spells              Type           Power        Failure   Level  Hunger
a - Flame Tongue          Conj/Fire      ##...        8%          1    #......
b - Conjure Flame         Conj/Fire      ##......     17%         3    ####...


Dungeon Overview and Level Annotations

Branches:
Dungeon (2/15)

Altars:

Annotations:
D:2 Sigmund


Innate Abilities, Weirdness & Mutations

You are resistant to torment.
You are immune to poison.
Your stone body is very resilient (AC +3).
You resist negative energy.
You are resistant to electric shocks.
You can survive without breathing.
You are immune to petrification.
You are immune to rotting.


Message History

Sigmund points at you and mumbles some strange words.
The puff of flame misses you.
The puff of flame hits the adder.
The adder bites you but does no damage.
Your magical contamination has completely faded away.
Sigmund points at you and mumbles some strange words.
You are confused.
Sigmund points at you and mumbles some strange words.
The magic dart hits you!
You see here a whip.
The adder barely misses you. Sigmund gestures at you while chanting.
The puff of flame hits you!
* * * LOW HITPOINT WARNING * * *
The adder bites you.
* * * LOW HITPOINT WARNING * * *
You see here a whip.
The adder barely misses you.
Sigmund points at you and mumbles some strange words.
The puff of flame hits you!
You die...

#..#........%###...#.#
........@.............
..........##@####.##.#
..........##ยง####.....
..........$..#!.......
.........##..#.##..#
..................#
.............@..)#
######.......@S#
####!#####........ #..
...)... #.# ....... ###
......[ ...... .....
.... .


You could see Sigmund and an adder.

Vanquished Creatures
  A worm (D:2)
  2 giant geckos
  An ooze (D:1)
  6 bats
  6 giant cockroaches
  4 goblins (D:1)
  6 hobgoblins
  2 giant newts (D:1)
  6 kobolds
  3 rats
37 creatures vanquished.

Notes
Turn   | Place    | Note
--------------------------------------------------------------
     0 | D:1      | Kukarek, the Gargoyle Fire Elementalist, began the quest for the Orb.
     0 | D:1      | Reached XP level 1. HP: 10/10 MP: 3/3
   185 | D:1      | Reached XP level 2. HP: 7/15 MP: 0/4
   795 | D:1      | Reached XP level 3. HP: 19/19 MP: 0/6
  1306 | D:2      | Learned a level 3 spell: Conjure Flame
  1613 | D:2      | Noticed Sigmund
  1718 | D:2      | Killed from afar by Sigmund

Action                   || total
-------------------------++-------
Melee: Unarmed           ||     6
 Cast: Flame Tongue      ||    76
       Conjure Flame     ||     1
  Use: Potion            ||     2
  Eat: Chunk             ||     3
